 Dungeon Crawl Stone Soup version 0.23.2-30-g0e89c35 (webtiles) character file.

Game seed: 6265846213284419029

1579 Fang the Skirmisher (level 8, 0/78 HPs)
             Began as a Gargoyle Berserker on June 7, 2019.
             Was a High Priest of Trog.
             Killed from afar by an orc wizard (9 damage)
             ... with a magic dart
             ... on level 6 of the Dungeon.
             The game lasted 00:06:05 (5465 turns).

Fang the Skirmisher (Gargoyle Berserker)            Turns: 5465, Time: 00:06:06

Health: 0/78       AC:  8    Str: 29    XL:     8   Next: 91%
Magic:  8/8        EV: 15    Int:  7    God:    Trog [*****.]
Gold:   325        SH:  0    Dex: 15    Spells: 7/7 levels left

rFire    . . .     SeeInvis .   a - +0 war axe
rCold    . . .     Gourm    .   (no shield)
rNeg     + . .     Faith    .   b - +0 animal skin
rPois    ∞         Spirit   .   (no helmet)
rElec    +         Reflect  .   (no cloak)
rCorr    .         Harm     .   (no gloves)
MR       .....                  (no boots)
Stlth    ..........             (no amulet)
HPRegen  0.23/turn              m - +6 ring of dexterity
MPRegen  0.11/turn              (no ring)

@: berserking (expiring), very quick
A: negative energy resistance 1, electricity resistance, unbreathing,
petrification resistance, rot immunity, AC +5
a: Berserk, Trog's Hand, Brothers in Arms, Renounce Religion


You were on level 6 of the Dungeon.
You worshipped Trog.
Trog was extremely pleased with you.
You were hungry.

You visited 1 branch of the dungeon, and saw 6 of its levels.
You also visited: Sewer.

You collected 325 gold pieces.

Inventory:

Hand Weapons
 a - a +0 war axe (weapon)
Armour
 b - a +0 animal skin (worn)
Jewellery
 m - a +6 ring of dexterity (left hand)
Wands
 r - a wand of digging (6)
 y - a wand of scattershot (7)
Scrolls
 e - 2 scrolls of enchant armour {unknown}
 g - 2 scrolls of amnesia {unknown}
 i - 7 scrolls of identify {unknown}
 j - 5 scrolls of teleportation
 k - 4 scrolls of remove curse {unknown}
 o - a scroll of enchant weapon {unknown}
 t - 3 scrolls of magic mapping {unknown}
 u - a scroll of fog {unknown}
 w - a scroll of blinking {unknown}
 A - a scroll of fear {unknown}
Potions
 d - a potion of haste
 f - a potion of might {unknown}
 h - 2 potions of ambrosia {unknown}
 l - a potion of lignification {unknown}
 n - 2 potions of agility {unknown}
 p - 4 potions of curing {unknown}
 q - 2 potions of heal wounds {unknown}
 s - 5 potions of flight
 v - a potion of mutation {unknown}
 x - 2 potions of degeneration {unknown}
Comestibles
 c - 8 rations
 z - a chunk of flesh


   Skills:
 + Level 6.8 Fighting
 + Level 5.6 Axes
 + Level 6.3 Armour
 + Level 4.6 Dodging


You had 7 spell levels left.
You didn't know any spells.
Your spell library was empty.

Dungeon Overview and Level Annotations

Branches:
Dungeon (6/15)
 Temple: D:4-7

Altars:
Ashenzari
Elyvilon
Hepliaklqana
Kikubaaqudgha
Nemelex Xobeh
Uskayaw
Vehumet
Wu Jian
Yredelemnul
Zin


Innate Abilities, Weirdness & Mutations

You are resistant to torment.
Your stone body is resilient. (AC +5)
You are immune to poison.
You resist negative energy. (rN+)
You are resistant to electric shocks. (rElec)
You can survive without breathing.
You are immune to petrification.
You are immune to rotting.


Message History

You barely miss the orc priest.
The orc priest is severely wounded.
The orc priest looks braver for a moment.
You closely miss the orc priest.
The orc priest is severely wounded.
The orc priest barely misses you.
You hit the orc priest.
The orc priest is almost dead.
You closely miss the orc wizard. The orc wizard barely misses you.
The orc priest invokes the aid of Beogh against you.
Beogh smites you!
* * * LOW HITPOINT WARNING * * *
You closely miss the orc wizard.
The orc wizard is heavily wounded.
You slash the orc priest!
You kill the orc priest!
Trog accepts your kill.
The orc wizard gestures at you while chanting.
The magic dart hits you!
You die...

#.##......# ##
#..#......#
##.#......###########
#.#......##.........
#.#......##.########
#.#......##.##
#%†......#...#
##.####'##...#
#(@o...##...#
##()...##...#
#.....##...#
#.....##...#
#.....##...#
#.....##...#
#.....##...#
###...##.).# ##)## ##


You could see an orc wizard.

Vanquished Creatures
  A black bear (D:6)
  An ogre (D:4)
  A centaur (D:6)
  3 bullfrogs (D:6)
  4 wights (D:6)
  2 howler monkeys (D:4)
  A bullfrog zombie (D:6)
  A hound (D:4)
  An orc priest (D:6)
  A jelly (D:6)
  A centaur skeleton (D:4)
  4 orc wizards
  An iguana (D:4)
  A merfolk siren (Sewer)
  6 worker ants
  A merfolk avatar (Sewer)
  A hound zombie (D:3)
  A hound skeleton (D:6)
  11 adders
  7 gnolls
  A howler monkey skeleton (D:6)
  3 river rats (Sewer)
  3 oozes
  An adder zombie (D:5)
  3 adder skeletons
  2 worms
  2 dart slugs
  5 leopard geckos
  23 orcs
  6 ball pythons
  8 giant cockroaches
  4 goblins
  5 hobgoblins
  14 jackals
  4 quokkas
  9 bats
  10 frilled lizards
  11 kobolds
  A leopard gecko zombie (D:5)
  A quokka skeleton (D:4)
  29 rats
195 creatures vanquished.

Notes
Turn   | Place    | Note
-------+----------+-------------------------------------------
     0 | D:1      | Fang the Gargoyle Berserker began the quest for the Orb.
     0 | D:1      | Reached XP level 1. HP: 14/14 MP: 1/1
   137 | D:1      | Reached XP level 2. HP: 19/19 MP: 2/2
   511 | D:1      | Reached XP level 3. HP: 18/24 MP: 3/3
  1161 | D:2      | Reached ** piety under Trog
  1214 | D:2      | HP: 1/36 [gnoll/+0 flail (8)]
  1216 | D:2      | Reached XP level 4. HP: 2/29 MP: 4/4
  1616 | D:2      | Reached XP level 5. HP: 7/33 MP: 5/5
  1869 | D:3      | Found a basalt altar of Yredelemnul.
  1876 | D:3      | Found a hazy altar of Hepliaklqana.
  2034 | D:3      | Found an ancient bone altar of Kikubaaqudgha.
  2130 | D:3      | Reached *** piety under Trog
  2497 | D:3      | Found a shattered altar of Ashenzari.
  2904 | D:4      | Reached XP level 6. HP: 25/39 MP: 6/6
  3176 | D:4      | Reached skill level 5 in Fighting
  3176 | D:4      | Reached XP level 7. HP: 24/44 MP: 7/7
  3343 | D:4      | Reached **** piety under Trog
  3484 | D:5      | Entered Level 5 of the Dungeon
  3687 | D:5      | Reached skill level 5 in Armour
  4265 | D:5      | Found a faded altar of an unknown god.
  4265 | D:5      | Found an ornate altar of the Wu Jian Council.
  4277 | D:5      | Found a sparkling altar of Nemelex Xobeh.
  4279 | D:5      | Found a faded altar of an unknown god.
  4280 | D:5      | Found a white marble altar of Elyvilon.
  4420 | D:6      | Reached XP level 8. HP: 19/51 MP: 8/8
  4541 | D:6      | Found a glowing drain.
  4561 | Sewer    | Entered a sewer
  4693 | Sewer    | Reached skill level 5 in Axes
  4763 | Sewer    | Reached ***** piety under Trog
  5287 | D:6      | Found a glowing silver altar of Zin.
  5287 | D:6      | Found a radiant altar of Vehumet.
  5288 | D:6      | Found a hide-covered altar of Uskayaw.
  5290 | D:6      | Found a shattered altar of Ashenzari.
  5465 | D:6      | Killed from afar by an orc wizard

Skill      XL: |  1  2  3  4  5  6  7  8 |
---------------+-------------------------+-----
Axes           | 3 4 5 |  5.6
Dodging        | 2 3 4 |  4.6
Armour         | 3 4 5 6 |  6.3
Fighting       | 4 5 6 |  6.8

Action                   |  1- 3 |  4- 6 |  7- 9 || total
-------------------------+-------+-------+-------++-------
Melee: Hand axe          |   126 |    74 |       ||   200
       War axe           |       |   109 |   312 ||   421
Invok: Berserk           |     1 |     2 |     3 ||     6
 Stab: Sleeping          |       |     3 |       ||     3
  Eat: Chunk             |     1 |     9 |    11 ||    21
Armor: Animal skin       |    45 |    65 |   102 ||   212
Dodge: Dodged            |    91 |   138 |   288 ||   517
